 Dungeon Crawl Stone Soup version 0.30.1-9-gdf580d7c3d (webtiles) character file.

Game seed: 4901821829548904611

16949 lonewolfV2 the Warrior (level 12, -1/124 HPs)
             Began as a Minotaur Berserker on Oct 16, 2023.
             Was a High Priest of Trog.
             Slain by an 11-headed hydra (11 damage)
             ... on level 13 of the Dungeon.
             The game lasted 00:21:57 (14302 turns).

lonewolfV2 the Warrior (Minotaur Berserker)        Turns: 14302, Time: 00:21:59

Health: -1/124     AC: 23    Str: 25    XL:     12   Next: 14%
Magic:  11/11      EV: 11    Int:  4    God:    Trog [*****.]
Gold:   1062       SH:  0    Dex: 12    Spells: 11/11 levels left

rFire   + . .        E - +3 broad axe (protect)
rCold   + . .        R - orb {*Rage}
rNeg    . . .        d - +3 ring mail {rC+}
rPois   .            u - +2 hat
rElec   .            (no cloak)
rCorr   .            o - +1 pair of gloves
SInv    .            q - +3 pair of seven-league boots {Rampage+∞}
Will    ++...        v - amulet of magic regeneration
Stlth   +            s - ring of flight
HPRegen 1.40/turn    J - ring of protection from fire
MPRegen 0.52/turn

%: random rage (20%), rampage+∞
@: strong-willed, under a protective aura, flying, regenerating
A: horns 2, retaliatory headbutt
a: Renounce Religion, Berserk, Trog's Hand, Brothers in Arms


You were on level 13 of the Dungeon.
You worshipped Trog.
Trog was extremely pleased with you.
You visited 1 branch of the dungeon, and saw 13 of its levels.

You collected 1582 gold pieces.
You spent 520 gold pieces at shops.

Inventory:

Hand Weapons
 a - a +0 heavy hand axe
 f - a +2 hand axe of flaming
 E - a +3 broad axe of protection (weapon)
Armour
 b - a +0 animal skin
 d - a +3 ring mail of cold resistance (worn)
 o - a +1 pair of gloves (worn)
 q - the +3 pair of seven-league boots (worn) {Rampage+∞}
   (You bought it in a shop on level 8 of the Dungeon)

   Rampage+∞: When moving toward enemies, its wearer moves as far as possible,
   alerting their target en route.
 u - a +2 hat (worn)
 R - an orb of wrath (worn)
Jewellery
 s - a ring of flight (left hand)
 v - an amulet of magic regeneration (around neck)
 B - a ring of ice
 J - a ring of protection from fire (right hand)
 O - a ring of poison resistance
 P - an amulet of faith
 S - a +6 ring of dexterity
Wands
 k - a wand of flame (19)
 n - a wand of paralysis (2)
 w - a wand of digging (5)
 A - a wand of acid (10)
 G - a wand of iceblast (16)
 H - a wand of mindburst (5)
Scrolls
 g - 2 scrolls of blinking
 h - 7 scrolls of teleportation
 j - 2 scrolls of silence
 t - 3 scrolls of magic mapping
 y - a scroll of fog
 z - 2 scrolls of noise
 C - 3 scrolls of enchant weapon
 D - 2 scrolls of enchant armour
 I - 3 scrolls of identify
 Q - a scroll of fear
Potions
 c - 2 potions of magic
 e - a potion of cancellation
 i - 6 potions of flight
 l - 4 potions of ambrosia
 m - a potion of haste
 p - a potion of attraction
 r - 9 potions of curing
 x - 2 potions of brilliance
 F - a potion of berserk rage
 K - a potion of mutation
 L - a potion of might
Miscellaneous
 M - a piece from Xom's chessboard (15/15)


   Skills:
 + Level 16.9 Fighting
 + Level 16.9 Axes
 - Level 2.4 Armour
 - Level 2.1 Dodging


You had 11 spell levels left.
You didn't know any spells.
Your spell library was empty.

Dungeon Overview and Level Annotations

Branches:
Dungeon (13/15)            Temple (0/1) D:5            Lair (0/5) D:9
    Orc (0/2) D:11
 Vaults: D:13-14

Altars:
Elyvilon
Kikubaaqudgha
Makhleb
Nemelex Xobeh
Okawaru
Qazlal
Vehumet
Xom
Yredelemnul

Shops:
D:8 [

Annotations:
D:3 3 runed translucent doors, Gatsu's ghost, amateur HOFi; Nedac819's ghost, weakling HODe; laqueoix's ghost, amateur FoFi
D:7 3 runed translucent doors, SirLogeyBear's ghost, novice HOBe


Innate Abilities, Weirdness & Mutations

You have a pair of horns on your head.
You reflexively headbutt those who attack you in melee.


Message History

That beam is likely to hit you.
Continue anyway?
Okay, then.
Aiming: Paralyse
Press: ? - help, Q - select action, (/) - cycle Shift-Dir - straight line, f/p - ten-headed hydra
Aim: a ten-headed hydra (almost dead, ally target, chance to affect: 17%)
The ten-headed hydra resists with almost no effort.
The ten-headed hydra misses you. The ten-headed hydra bites you.
* * * LOW HITPOINT WARNING * * *
The ten-headed hydra misses you.
The ten-headed hydra bites you but does no damage.
The ten-headed hydra barely misses you.
The ten-headed hydra bites you but does no damage.
The ten-headed hydra barely misses you. The ten-headed hydra bites you.
* * * LOW HITPOINT WARNING * * *
The ten-headed hydra bites you but does no damage. x2
You hack one of the ten-headed hydra's heads off!
The nine-headed hydra grows two more!
You slash the 11-headed hydra!
The 11-headed hydra is almost dead.
The 11-headed hydra closely misses you.
The 11-headed hydra bites you but does no damage. x3
The 11-headed hydra closely misses you. x2
The 11-headed hydra bites you but does no damage. x2
The 11-headed hydra closely misses you.
The 11-headed hydra bites you but does no damage.
The 11-headed hydra bites you!
* * * LOW HITPOINT WARNING * * *
You barely miss the 11-headed hydra. You headbutt the 11-headed hydra!
The 11-headed hydra is almost dead.
The 11-headed hydra bites you but does no damage.
The 11-headed hydra barely misses you.
The 11-headed hydra bites you but does no damage.
The 11-headed hydra closely misses you. The 11-headed hydra barely misses you.
The 11-headed hydra bites you but does no damage. x2
The 11-headed hydra bites you.
* * * LOW HITPOINT WARNING * * *
The 11-headed hydra bites you!
* * * LOW HITPOINT WARNING * * *
The 11-headed hydra bites you but does no damage.
The 11-headed hydra bites you!
You die...

#.# #.# #.#
#######.# ........#
#######.# #<#
#.###############.#
#....D@O..........#
###################


You could see a 11-headed hydra (ally target) and a friendly ogre (summoned,
berserk).

Vanquished Creatures
  5 two-headed ogres
  A boulder beetle (D:11)
  An ugly thing (D:12)
  2 cyclopes (D:12)
  3 kobold demonologists (D:10)
  A komodo dragon (D:10)
  A troll (D:12)
  2 slime creatures (D:12)
  A spriggan (D:7)
  Sigmund (D:4)
  A wyvern (D:10)
  3 wraiths
  28 yaks
  2 steam dragons
  An acid dragon (D:9)
  2 wargs (D:9)
  A water moccasin (D:5)
  An ice beast (D:7)
  7 orc warriors
  A black bear (D:7)
  3 ogres
  4 centaurs
  A phantom (D:2)
  A kobold brigand (D:11)
  2 bullfrogs
  3 scorpions
  3 gnoll sergeants
  11 killer bees (D:9)
  A howler monkey (D:8)
  A crimson imp (D:3)
  A jelly (D:7)
  5 orc priests
  5 hounds
  2 gnoll boudas
  A sleepcap (D:4)
  3 iguanas
  Terence (D:2)
  13 orc wizards
  26 gnolls
  7 adders
  3 white imps
  2 ufetubi (D:7)
  2 worms
  A dart slug (D:5)
  44 orcs
  8 endoplasms
  3 giant cockroaches
  7 goblins
  9 hobgoblins
  3 quokkas
  5 ball pythons
  2 bats
  16 kobolds
  5 rats
269 creatures vanquished.

Vanquished Creatures (collateral kills)
  A boulder beetle (D:12)
  A wraith (D:12)
  A slime creature (D:12)
  A vampire (D:12)
  A yak (D:10)
  A centaur (D:12)
  2 orc wizards (D:12)
  An orc (D:12)
9 creatures vanquished.

Grand Total: 278 creatures vanquished

Notes
Turn   | Place    | Note
-------+----------+-------------------------------------------
     0 | D:1      | lonewolfV2 the Minotaur Berserker began the quest for the
                  | Orb.
     0 | D:1      | Reached XP level 1. HP: 19/19 MP: 0/0
   189 | D:1      | Reached XP level 2. HP: 17/27 MP: 1/1
   606 | D:2      | Found a white marble altar of Elyvilon.
   632 | D:2      | Noticed Terence
   643 | D:2      | Killed Terence
   644 | D:2      | Reached XP level 3. HP: 22/34 MP: 2/2
   844 | D:2      | Noticed a phantom
   857 | D:2      | Killed a phantom
   858 | D:2      | Reached skill level 5 in Fighting
   858 | D:2      | Reached skill level 5 in Axes
   858 | D:2      | Reached XP level 4. HP: 42/42 MP: 3/3
   897 | D:2      | Reached XP level 5. HP: 45/48 MP: 4/4
   931 | D:2      | Reached ** piety under Trog
  1293 | D:3      | Found a burning altar of Makhleb.
  1293 | D:3      | Found a shimmering altar of Xom.
  1349 | D:3      | Found a faded altar of an unknown god.
  1398 | D:3      | Found a runed translucent gate.
  1606 | D:3      | Found a runed translucent gate.
  1607 | D:3      | Found a runed translucent gate.
  1608 | D:3      | Noticed Gatsu's ghost (amateur HOFi)
  1608 | D:3      | Noticed laqueoix's ghost (amateur FoFi)
  1609 | D:3      | Noticed Nedac819's ghost (weakling HODe)
  1777 | D:4      | Noticed an ogre
  1788 | D:4      | HP: 2/50 [ogre/+0 giant spiked club (26)]
  1793 | D:3      | Killed an ogre
  1794 | D:3      | Reached XP level 6. HP: 15/58 MP: 5/5
  2223 | D:4      | Noticed Sigmund
  2230 | D:4      | Killed Sigmund
  2287 | D:4      | Reached XP level 7. HP: 30/66 MP: 6/6
  3221 | D:5      | Entered Level 5 of the Dungeon
  3227 | D:5      | Reached *** piety under Trog
  4256 | D:5      | Reached XP level 8. HP: 73/75 MP: 7/7
  4571 | D:5      | Found a staircase to the Ecumenical Temple.
  5461 | D:6      | Reached **** piety under Trog
  5682 | D:7      | Reached skill level 10 in Fighting
  5682 | D:7      | Reached skill level 10 in Axes
  5999 | D:7      | Reached XP level 9. HP: 64/86 MP: 8/8
  6163 | D:7      | Found a runed translucent gate.
  6164 | D:7      | Found a runed translucent gate.
  6164 | D:7      | Found a runed translucent gate.
  6165 | D:7      | Noticed SirLogeyBear's ghost (novice HOBe)
  6878 | D:8      | Found Odiwiyd's Armour Shoppe.
  7258 | D:8      | Reached ***** piety under Trog
  8658 | D:8      | Identified a scroll of acquirement
  8658 | D:8      | Acquired 786 gold pieces
  8680 | D:8      | Bought the +3 pair of seven-league boots {Rampage+∞} for
                  | 520 gold pieces
  8680 | D:8      | Found the +3 pair of seven-league boots {Rampage+∞}
  8767 | D:9      | Found a staircase to the Lair.
  9238 | D:9      | Reached XP level 10. HP: 60/100 MP: 9/9
 10987 | D:10     | Entered Level 10 of the Dungeon
 11157 | D:10     | Noticed a two-headed ogre
 11163 | D:10     | Killed a two-headed ogre
 11164 | D:10     | Reached XP level 11. HP: 111/111 MP: 10/10
 11199 | D:10     | Noticed a two-headed ogre
 11216 | D:10     | Killed a two-headed ogre
 11217 | D:10     | Reached skill level 15 in Fighting
 11217 | D:10     | Reached skill level 15 in Axes
 11599 | D:10     | Found a sparkling altar of Nemelex Xobeh.
 11795 | D:10     | Noticed a soul eater
 12325 | D:10     | Found a radiant altar of Vehumet.
 12327 | D:10     | Found a stormy altar of Qazlal.
 12391 | D:10     | Found a basalt altar of Yredelemnul.
 12391 | D:10     | Found an iron altar of Okawaru.
 12394 | D:10     | Found a white marble altar of Elyvilon.
 12395 | D:10     | Found an ancient bone altar of Kikubaaqudgha.
 12546 | D:11     | Found a staircase to the Orcish Mines.
 12597 | D:11     | Noticed a two-headed ogre
 12604 | D:11     | Killed a two-headed ogre
 12941 | D:11     | Noticed a boulder beetle
 12953 | D:11     | Killed a boulder beetle
 13070 | D:11     | Noticed a two-headed ogre
 13077 | D:11     | Killed a two-headed ogre
 13440 | D:12     | Noticed a boulder beetle
 13456 | D:12     | Killed a boulder beetle
 13482 | D:12     | Reached XP level 12. HP: 92/124 MP: 11/11
 13831 | D:12     | Noticed a two-headed ogre
 13836 | D:12     | Killed a two-headed ogre
 14288 | D:13     | Noticed a five-headed hydra
 14302 | D:13     | Slain by an 11-headed hydra

Illustrated notes

Levels and vault maps discovered:
D:1:      dpeg_arrival_prison, layout_rooms
D:2:      layout_rooms, basic_altar, uniq_terence
D:3:      layout_basic, grunt_temple_overflow_champion_of_chaos,
          ebering_ecumenical_altar_sacrificial, gammafunk_ghost_cemetery
D:4:      layout_loops_cross, uniq_sigmund
D:5:      layout_basic, minmay_temple_entry_statues_pillars,
          columned_hall_lemuel, eino_tiny_chamber
D:6:      layout_rooms
D:7:      layout_basic, gammafunk_ghost_necromancy, the_hattery
D:8:      layout_basic, serial_shops, shop
D:9:      layout_irregular_city, erik_lair_orcish_takeover, patterned_corridor
D:10:     layout_rooms, nemelex_spade_bored_becter, minitemple
D:11:     layout_stronghold, david_orc_4, kennysheep_another_room
D:12:     layout_cave_pools
D:13:     minmay_wavy_crystal, layout_loops_ring, uniq_nessos

Skill      XL: |  1  2  3  4  5  6  7  8  9 10 11 |
---------------+----------------------------------+-----
Fighting       | 4 5 6 7 8 10 12 14 16 | 16.9
Axes           | 4 5 6 7 8 10 12 14 16 | 16.9
Armour         | |  2.4
Dodging        | |  2.1

Action                     |  1- 3 |  4- 6 |  7- 9 | 10-12 || total
---------------------------+-------+-------+-------+-------++-------
  Melee: Hand axe          |    33 |    62 |   315 |    75 ||   485
         Headbutt          |     3 |     6 |    54 |    65 ||   128
         Punch             |       |       |     3 |     4 ||     7
         Broad axe         |       |       |       |   191 ||   191
 Invoke: Berserk           |     1 |     2 |     1 |     2 ||     6
         Trog's Hand       |       |     1 |     1 |     4 ||     6
         Brothers in Arms  |       |       |       |     4 ||     4
  Evoke: Wand              |       |       |       |     1 ||     1
    Use: Scroll            |     1 |     8 |    10 |    10 ||    29
         Potion            |       |       |     2 |     2 ||     4
   Stab: Sleeping          |     1 |       |       |       ||     1
 Armour: Animal skin       |     4 |    19 |    18 |       ||    41
         Ring mail         |       |       |    87 |   184 ||   271
  Dodge: Dodged            |    20 |    51 |   169 |   161 ||   401
